General information
- name: BNet
- type: Ladder team game (AT/RT)
- host: Battle.net
- saver: nonent
map: SunrockCove
- players: 6
- length: 61:10
- speed: Fast
- version: 1.24 W3XP
- replay type: Public
» download(460 KB)
Players
team 1 (winner)
ERz (
pink | 127 APM | 7745 actions | 61:09)
7 Tauren Chieftain
3 Shockwave
3 Endurance Aura
1 Reincarnation
7 Pandaren Brewmaster
3 Breath of Fire
2 Drunken Haze
1 Storm Earth and Fire
1 Drunken Brawler
6 Shadow Hunter
3 Hex
3 Healing Wave
1 Paladin
1 Holy Light
» actions
| Assign group hotkey | 2475 | |
| Basic commands | 244 | |
| Build / train | 124 | |
| ESC pressed | 6 | |
| Enter build submenu | 52 | |
| Enter hero's abilities submenu | 22 | |
| Give item / drop item | 31 | |
| Right click | 2128 | |
| Select / deselect | 699 | |
| Select group hotkey | 1554 | |
| Use ability | 409 | |
7745 total
» units
| Peon | 17 | |
| Troll Batrider | 12 | |
| Goblin Zeppelin | 1 | |
30 total
» upgrades
| Liquid Fire | 1 | |
| Reinforced Defenses | 1 | |
2 total
» buildings
| Altar of Storms | 1 | |
| Orc Burrow | 7 | |
| Voodoo Lounge | 2 | |
| War Mill | 1 | |
| Watch Tower | 40 | |
| Stronghold | 1 | |
| Fortress | 1 | |
| Beastiary | 2 | |
| Great Hall | 2 | |
57 total
» build order
00:06 Altar of Storms
00:19 Orc Burrow
00:49 Voodoo Lounge
01:09 War Mill
01:28 Orc Burrow
02:38 Watch Tower
02:47 Watch Tower
04:16 Stronghold
04:18 Watch Tower
04:20 Watch Tower
05:00 Watch Tower
05:00 Watch Tower
05:53 Watch Tower
05:53 Watch Tower
05:54 Watch Tower
06:42 Fortress
06:47 Voodoo Lounge
07:13 Beastiary
07:45 Beastiary
07:50 Watch Tower
07:53 Watch Tower
07:54 Watch Tower
07:55 Watch Tower
08:43 Orc Burrow
11:44 Orc Burrow
14:36 Great Hall
17:11 Watch Tower
17:11 Watch Tower
17:11 Watch Tower
17:12 Watch Tower
21:54 Watch Tower
21:54 Watch Tower
22:00 Watch Tower
22:00 Watch Tower
22:01 Watch Tower
22:01 Watch Tower
22:01 Watch Tower
22:02 Watch Tower
22:02 Watch Tower
22:03 Watch Tower
22:03 Watch Tower
26:57 Watch Tower
26:57 Watch Tower
26:58 Watch Tower
26:58 Watch Tower
26:58 Watch Tower
26:59 Watch Tower
28:31 Watch Tower
29:05 Watch Tower
29:05 Watch Tower
29:06 Watch Tower
29:06 Watch Tower
29:07 Watch Tower
45:38 Great Hall
50:42 Orc Burrow
50:44 Orc Burrow
56:25 Orc Burrow
» items
| Healing Salve | 10 | |
| Scroll of Speed | 11 | |
| Lesser Clarity Potion | 19 | |
| Orb of Lightning | 3 | |
| Boots of Speed | 3 | |
| Potion of Mana | 3 | |
| Potion of Healing | 5 | |
| Potion of Lesser Invulnerability | 5 | |
| Potion of Invisibility | 1 | |
| Staff of Teleportation | 2 | |
| Staff of Sanctuary | 1 | |
| Periapt of Vitality | 1 | |
64 total
fineX (
teal | 53 APM | 3255 actions | 61:09)
4 Pandaren Brewmaster
2 Breath of Fire
2 Drunken Brawler
5 Paladin
3 Holy Light
2 Divine Shield
» actions
| Assign group hotkey | 250 | |
| Basic commands | 1 | |
| Build / train | 81 | |
| Enter build submenu | 33 | |
| Enter hero's abilities submenu | 8 | |
| Give item / drop item | 4 | |
| Remove unit from queue | 2 | |
| Right click | 1727 | |
| Select / deselect | 330 | |
| Select group hotkey | 632 | |
| Use ability | 187 | |
3255 total
» units
| Peasant | 12 | |
| Mortar Team | 14 | |
| Sorceress | 1 | |
27 total
» upgrades
| Masonry | 2 | |
| Gunpowder | 2 | |
| Magic Sentry | 1 | |
| Armor | 1 | |
| Flare | 1 | |
| Fragmentation Shards | 1 | |
| Sorceress Training | 1 | |
9 total
» buildings
| Farm | 8 | |
| Lumber Mill | 1 | |
| Altar of Kings | 1 | |
| Scout Tower | 31 | |
| Arcane Tower | 2 | |
| Guard Tower | 14 | |
| Keep | 1 | |
| Arcane Vault | 2 | |
| Castle | 1 | |
| Blacksmith | 2 | |
| Arcane Sanctum | 2 | |
| Workshop | 3 | |
68 total
» build order
00:21 Farm
00:24 Lumber Mill
00:29 Altar of Kings
01:01 Farm
01:28 Scout Tower
01:30 Scout Tower
01:32 Scout Tower
01:33 Scout Tower
01:56 Arcane Tower
02:03 Scout Tower
02:04 Scout Tower
02:30 Guard Tower
02:50 Guard Tower
03:50 Guard Tower
03:55 Scout Tower
03:56 Scout Tower
04:52 Guard Tower
04:56 Scout Tower
04:57 Scout Tower
04:58 Scout Tower
04:59 Scout Tower
05:00 Keep
05:37 Guard Tower
06:45 Guard Tower
07:00 Arcane Vault
07:07 Scout Tower
07:10 Scout Tower
07:12 Scout Tower
07:29 Scout Tower
07:31 Scout Tower
07:34 Scout Tower
07:41 Castle
07:47 Blacksmith
07:51 Guard Tower
07:52 Scout Tower
07:54 Scout Tower
08:01 Guard Tower
08:22 Arcane Sanctum
08:23 Arcane Sanctum
08:26 Guard Tower
08:33 Blacksmith
08:37 Guard Tower
08:55 Guard Tower
09:38 Arcane Tower
09:53 Farm
10:01 Farm
10:02 Farm
10:30 Workshop
10:35 Workshop
14:21 Scout Tower
14:23 Scout Tower
15:26 Guard Tower
15:42 Arcane Vault
17:18 Scout Tower
17:19 Scout Tower
17:19 Scout Tower
17:22 Scout Tower
17:23 Scout Tower
17:24 Scout Tower
18:05 Guard Tower
18:16 Workshop
18:28 Guard Tower
18:38 Farm
18:41 Farm
18:44 Farm
» items
| Healing Salve | 3 | |
| Lesser Clarity Potion | 3 | |
| Staff of Teleportation | 2 | |
| Boots of Speed | 2 | |
| Potion of Healing | 1 | |
| Orb of Lightning | 2 | |
| Staff of Sanctuary | 1 | |
14 total
nonent (
orange | 95 APM | 5824 actions | 61:10)
9 Blademaster
3 Wind Walk
3 Critical Strike
1 Bladestorm
2 Mirror Image
» actions
| Assign group hotkey | 25 | |
| Build / train | 114 | |
| Enter build submenu | 36 | |
| Enter hero's abilities submenu | 9 | |
| Give item / drop item | 13 | |
| Remove unit from queue | 4 | |
| Right click | 2631 | |
| Select / deselect | 401 | |
| Select group hotkey | 2327 | |
| Use ability | 264 | |
5824 total
» units
| Peon | 18 | |
| Troll Batrider | 50 | |
| Goblin Zeppelin | 4 | |
72 total
» upgrades
| Liquid Fire | 1 | |
| Reinforced Defenses | 1 | |
| Ranged Weapons | 2 | |
| Armor | 1 | |
5 total
» buildings
| Altar of Storms | 2 | |
| Orc Burrow | 5 | |
| War Mill | 1 | |
| Watch Tower | 33 | |
| Stronghold | 1 | |
| Voodoo Lounge | 3 | |
| Beastiary | 3 | |
| Fortress | 1 | |
| Great Hall | 5 | |
54 total
» build order
00:21 Altar of Storms
00:26 Altar of Storms
00:30 Orc Burrow
00:52 War Mill
01:23 Orc Burrow
02:08 Watch Tower
02:22 Watch Tower
03:02 Watch Tower
03:03 Watch Tower
03:15 Watch Tower
03:49 Watch Tower
03:59 Stronghold
04:11 Watch Tower
04:21 Watch Tower
04:57 Watch Tower
05:19 Watch Tower
05:37 Watch Tower
05:42 Voodoo Lounge
06:16 Voodoo Lounge
06:26 Beastiary
06:47 Beastiary
06:54 Beastiary
08:00 Fortress
08:21 Orc Burrow
09:25 Great Hall
11:03 Watch Tower
11:04 Watch Tower
11:05 Watch Tower
11:06 Watch Tower
11:07 Watch Tower
11:07 Watch Tower
11:08 Watch Tower
12:07 Orc Burrow
12:40 Great Hall
18:35 Great Hall
24:39 Watch Tower
24:40 Watch Tower
24:42 Watch Tower
24:44 Watch Tower
24:45 Watch Tower
24:46 Watch Tower
31:58 Voodoo Lounge
34:20 Great Hall
38:36 Watch Tower
38:37 Watch Tower
38:38 Watch Tower
38:39 Watch Tower
38:40 Watch Tower
42:28 Watch Tower
42:30 Watch Tower
42:53 Watch Tower
54:42 Watch Tower
56:25 Orc Burrow
58:14 Great Hall
» items
| Circlet of Nobility | 2 | |
| Staff of Teleportation | 1 | |
| Periapt of Vitality | 1 | |
| Healing Salve | 5 | |
| Lesser Clarity Potion | 10 | |
| Potion of Mana | 1 | |
| Scroll of Regeneration | 1 | |
21 total
team 2 (loser)
Fre5HSwaG (
red | 53 APM | 3240 actions | 61:02)
7 Priestess of the Moon
3 Trueshot Aura
2 Searing Arrows
1 Starfall
1 Scout
1 Lich
1 Frost Armor
» actions
| Basic commands | 3 | |
| Build / train | 125 | |
| Enter build submenu | 26 | |
| Enter hero's abilities submenu | 8 | |
| Give item / drop item | 2 | |
| Right click | 2045 | |
| Select / deselect | 940 | |
| Use ability | 89 | |
3240 total
» units
| Wisp | 48 | |
| Huntress | 6 | |
| Glaive Thrower | 3 | |
| Dryad | 42 | |
| Goblin Zeppelin | 2 | |
| Gryphon Rider | 1 | |
| Siege Engine | 2 | |
104 total
» upgrades
| Abolish Magic | 1 | |
| Strength of the Wild | 1 | |
| Reinforced Hides | 1 | |
3 total
» buildings
| Altar of Elders | 2 | |
| Moon Well | 5 | |
| Hunter's Hall | 1 | |
| Ancient of War | 1 | |
| Tree of Ages | 1 | |
| Ancient of Lore | 2 | |
| Ancient Protector | 10 | |
| Tree of Life | 3 | |
25 total
» build order
00:19 Altar of Elders
00:25 Moon Well
01:45 Hunter's Hall
01:54 Ancient of War
02:37 Moon Well
04:52 Tree of Ages
04:57 Moon Well
07:44 Ancient of Lore
08:02 Ancient of Lore
08:38 Ancient Protector
09:07 Tree of Life
09:12 Ancient Protector
10:28 Moon Well
19:30 Moon Well
38:00 Tree of Life
38:47 Ancient Protector
43:02 Ancient Protector
43:04 Ancient Protector
43:06 Ancient Protector
45:16 Ancient Protector
46:37 Altar of Elders
47:47 Ancient Protector
47:49 Ancient Protector
49:12 Ancient Protector
57:17 Tree of Life
» items
| Scroll of Town Portal | 1 | |
| Potion of Lesser Invulnerability | 1 | |
| Boots of Speed | 1 | |
| Periapt of Vitality | 1 | |
| Dust of Appearance | 1 | |
| Staff of Teleportation | 1 | |
6 total
HEROOFXANADUS (
yellow | 133 APM | 7776 actions | 58:31)
6 Archmage
3 Summon Water Elemental
2 Brilliance Aura
1 Mass Teleport
2 Paladin
1 Holy Light
1 Devotion Aura
» actions
| Assign group hotkey | 221 | |
| Basic commands | 25 | |
| Build / train | 141 | |
| ESC pressed | 28 | |
| Enter build submenu | 69 | |
| Enter hero's abilities submenu | 9 | |
| Give item / drop item | 5 | |
| Right click | 2766 | |
| Select / deselect | 846 | |
| Select group hotkey | 3467 | |
| Use ability | 197 | |
7776 total
» units
| Peasant | 18 | |
| Rifleman | 8 | |
| Mortar Team | 4 | |
| Flying Machine | 4 | |
| Siege Engine | 20 | |
| Gryphon Rider | 20 | |
| Dragonhawk Rider | 6 | |
80 total
» upgrades
| Long Rifles | 1 | |
| Gunpowder | 3 | |
| Armor | 1 | |
| Flare | 1 | |
| Lumber Harvesting | 2 | |
| Masonry | 3 | |
| Plating | 3 | |
| Barrage | 1 | |
| Storm Hammers | 1 | |
| Cloud | 1 | |
17 total
» buildings
| Altar of Kings | 1 | |
| Farm | 14 | |
| Blacksmith | 1 | |
| Barracks | 1 | |
| Scout Tower | 22 | |
| Arcane Tower | 6 | |
| Keep | 1 | |
| Arcane Vault | 1 | |
| Workshop | 3 | |
| Lumber Mill | 2 | |
| Town Hall | 8 | |
| Castle | 2 | |
| Gryphon Aviary | 5 | |
| Guard Tower | 6 | |
73 total
» build order
00:08 Altar of Kings
00:19 Farm
01:05 Blacksmith
01:20 Barracks
01:36 Farm
01:38 Farm
02:26 Farm
02:31 Scout Tower
03:00 Arcane Tower
03:03 Farm
04:04 Keep
04:06 Scout Tower
04:30 Farm
04:33 Arcane Tower
04:33 Arcane Tower
05:23 Arcane Vault
06:44 Workshop
06:45 Workshop
06:50 Lumber Mill
07:10 Farm
09:50 Town Hall
09:52 Farm
09:57 Town Hall
10:39 Castle
11:00 Gryphon Aviary
11:01 Gryphon Aviary
11:23 Farm
11:47 Scout Tower
11:50 Scout Tower
11:52 Scout Tower
11:56 Scout Tower
11:57 Scout Tower
12:03 Scout Tower
12:06 Scout Tower
12:44 Guard Tower
16:15 Castle
17:33 Town Hall
17:36 Scout Tower
17:38 Scout Tower
20:00 Guard Tower
21:01 Farm
21:03 Farm
21:04 Farm
21:32 Scout Tower
21:37 Scout Tower
27:04 Workshop
27:48 Town Hall
27:51 Scout Tower
27:53 Scout Tower
27:55 Scout Tower
27:59 Scout Tower
28:04 Scout Tower
28:23 Guard Tower
28:44 Guard Tower
31:08 Farm
31:10 Farm
33:26 Guard Tower
33:30 Arcane Tower
33:30 Arcane Tower
34:00 Gryphon Aviary
35:25 Scout Tower
35:44 Lumber Mill
36:50 Gryphon Aviary
38:10 Town Hall
39:52 Gryphon Aviary
44:41 Town Hall
44:43 Scout Tower
44:44 Scout Tower
44:46 Scout Tower
47:02 Guard Tower
52:38 Town Hall
57:11 Town Hall
» items
| Lesser Clarity Potion | 1 | |
| Potion of Healing | 5 | |
| Scroll of Regeneration | 4 | |
| Scroll of Town Portal | 1 | |
| Orb of Fire | 1 | |
| Ivory Tower | 2 | |
14 total
inSide-OuT (
green | 169 APM | 10363 actions | 61:08)
8 Death Knight
3 Death Coil
3 Unholy Aura
1 Animate Dead
1 Death Pact
6 Lich
3 Frost Nova
2 Frost Armor
1 Death and Decay
» actions
| Assign group hotkey | 136 | |
| Basic commands | 10 | |
| Build / train | 101 | |
| ESC pressed | 7 | |
| Enter build submenu | 38 | |
| Enter hero's abilities submenu | 15 | |
| Give item / drop item | 3 | |
| Remove unit from queue | 1 | |
| Right click | 4722 | |
| Select / deselect | 757 | |
| Select group hotkey | 4430 | |
| Use ability | 141 | |
10363 total
» units
| Acolyte | 9 | |
| Ghoul | 4 | |
| Crypt Fiend | 27 | |
| Frost Wyrm | 11 | |
| Goblin Shredder | 1 | |
| Goblin Zeppelin | 1 | |
53 total
» upgrades
| Creature Attack | 2 | |
| Creature Carapace | 1 | |
| Web | 1 | |
4 total
» buildings
| Crypt | 2 | |
| Altar of Darkness | 2 | |
| Ziggurat | 18 | |
| Graveyard | 2 | |
| Tomb of Relics | 1 | |
| Nerubian Tower | 1 | |
| Halls of the Dead | 3 | |
| Spirit Tower | 9 | |
| Black Citadel | 2 | |
| Sacrificial Pit | 2 | |
| Boneyard | 2 | |
| Necropolis | 2 | |
46 total
» build order
00:08 Crypt
00:11 Altar of Darkness
00:20 Ziggurat
00:56 Graveyard
01:00 Tomb of Relics
01:40 Ziggurat
02:38 Nerubian Tower
03:56 Ziggurat
04:32 Halls of the Dead
06:00 Spirit Tower
06:12 Ziggurat
10:27 Ziggurat
10:51 Black Citadel
11:00 Ziggurat
12:15 Spirit Tower
12:45 Sacrificial Pit
13:48 Boneyard
14:38 Ziggurat
14:40 Ziggurat
15:32 Spirit Tower
15:33 Spirit Tower
17:30 Ziggurat
22:07 Ziggurat
22:09 Ziggurat
22:17 Necropolis
23:02 Spirit Tower
23:03 Spirit Tower
26:12 Ziggurat
26:13 Ziggurat
26:14 Ziggurat
26:17 Halls of the Dead
27:14 Spirit Tower
27:37 Necropolis
27:40 Ziggurat
27:42 Ziggurat
28:38 Spirit Tower
29:19 Halls of the Dead
29:22 Ziggurat
31:01 Ziggurat
32:41 Spirit Tower
32:47 Altar of Darkness
34:16 Crypt
34:30 Graveyard
35:41 Black Citadel
38:18 Sacrificial Pit
40:55 Boneyard
» items
| Rod of Necromancy | 1 | |
| Dust of Appearance | 2 | |
| Scroll of Town Portal | 5 | |
| Potion of Mana | 1 | |
9 total
Chat log
(00:06 / All) nonent: happy 9/11 gl hf
(00:10 / Allies) ERz: but many wyrm idk
(00:10 / All) HEROOFXANADUS: lol
(00:12 / All) Fre5HSwaG: WTF
(00:12 / All) nonent: garg feed good strat
(00:12 / Allies) fineX: im goin panders
(00:14 / Allies) ERz: prob only gyros beat
(00:26 / Allies) ERz: this game no orc
(00:29 / Allies) ERz: if they mass air go like
(00:32 / Allies) ERz: 4 workshop gyros
(00:34 / Allies) fineX: im panda ok??
(00:38 / Allies) nonent: k
(00:39 / Allies) ERz: ok if u wantgay
(00:39 / Allies) fineX: u ok wit dat
(00:40 / Allies) nonent: i like pand
(00:41 / Allies) fineX: or gonna cmoplain
(00:52 / Allies) ERz: going tc then
(01:00 / All) nonent: u guys like 4chan?
(01:02 / Allies) fineX: word
(01:04 / All) nonent: kewl site
(01:16 / All) fineX: ur epic fail lmao
(01:21 / All) fineX: roflcopter
(01:41 / All) nonent: lmao fuck i built two barracks instead of a altar
(01:53 / All) ERz: my ally noob
(01:53 / All) HEROOFXANADUS: that's how pros roll
(01:54 / All) ERz: omg
(02:05 / All) ERz: u pro?
(02:07 / All) fineX: wow good tip for u guys
(02:14 / All) fineX: NEVER GET AN ALLY OF US-EAST PUBLIC CHAT CHANNEL
(02:19 / All) nonent: hey
(02:23 / All) nonent: im pro
(02:28 / Allies) ERz: share
(02:29 / All) nonent: clan smej
(02:57 / All) ERz: the enemy team is gay!!!
(03:01 / All) ERz: the enemy team is gay!!!
(03:02 / All) ERz: the enemy team is gay!!!
(03:03 / All) ERz: the enemy team is gay!!!
(03:05 / All) nonent: happy 9/11 gl hf
(03:14 / All) ERz: UR WISP DED LOL
(03:17 / All) ERz: MAKE MROE
(03:21 / All) ERz: OR U GET NO WOODS
(03:35 / All) ERz: WTF WHERE UR HERO GO
(03:45 / Allies) fineX: thx
(03:52 / Allies) ERz: i got salve
(03:55 / All) ERz: WE RUN FAST
(03:57 / All) ERz: XD
(04:28 / Allies) ERz: buy scroll of speed i guess
(04:47 / Allies) fineX: wave it
(05:11 / Allies) fineX: wave
(05:14 / Allies) fineX: ugh u noob
(05:25 / Allies) fineX: he only 68 hp
(05:33 / All) nonent: quit
(06:08 / All) ERz: STOP ATTACKING MY BASE!!
(06:19 / All) fineX: ya we dont like the bodys
(06:26 / All) ERz: ty
(06:42 / Allies) fineX: lol
(06:55 / All) ERz: my hero died i leave game now
(07:02 / All) ERz: NOT
(07:05 / All) nonent: LMAO NOT
(07:06 / All) ERz: -boret
(08:09 / All) ERz: U guys r gonna get arrested by the phailpolice Lol
(08:13 / All) nonent: EPIC
(09:52 / Allies) nonent: HACKERS
(10:12 / All) nonent: dust plox
(10:17 / All) ERz: undead is IMBA lol
(11:42 / All) nonent: EPIC DUST
(11:59 / All) fineX: so epik
(12:23 / All) ERz: epic fail..
(12:26 / All) ERz: Xd
(12:38 / Allies) fineX: hepl
(13:05 / All) nonent: nice web
(13:06 / Allies) fineX: wood
(13:21 / Allies) fineX: wood pls
(14:29 / All) ERz: nice laghacks!!!
(16:44 / Allies) nonent: care
(17:33 / Allies) ERz: these guys arent terribel but they suck
(17:36 / Allies) nonent: ya
(17:57 / Allies) nonent: lost all my bats lol
(18:01 / Allies) fineX: noob
(18:05 / Allies) ERz: gyros lol
(18:11 / Allies) fineX: ok
(18:21 / Allies) ERz: i mean he has them
(18:23 / Allies) ERz: against 2 pandas
(18:28 / Allies) fineX: lol
(18:57 / All) HEROOFXANADUS: waste moar bats pls
(19:02 / All) nonent: thx 4 xp
(19:13 / All) fineX: KILL URSELF
(20:52 / Allies) ERz: all mine ded
(20:53 / All) ERz: WOW HACKERS
(21:41 / Allies) nonent: flare someone
(21:49 / Allies) fineX: no need
(21:50 / Allies) nonent: thx
(21:57 / All) fineX: ~*~*~~Mort Snypa*~*~~
(22:06 / Allies) nonent: gonna take an island if i can
(22:13 / Allies) fineX: i got no gold
(22:18 / Allies) fineX: so u guys have fun
(22:19 / Allies) ERz: defend this we rly need it
(22:23 / Allies) nonent: ya
(22:47 / Allies) ERz: can kil lpaladin
(22:49 / Allies) ERz: before ud comes
(22:50 / Allies) ERz: is good
(23:24 / Allies) nonent: need mana
(23:40 / Allies) fineX: ud coin
(24:33 / Allies) fineX: my lags back
(24:50 / Allies) fineX: ur done
(24:51 / Allies) nonent: shiiit
(24:51 / All) ERz: WOW HACK
(25:02 / All) HEROOFXANADUS: i think this is game
(25:08 / All) nonent: u can leave then
(25:16 / All) fineX: i think ur mom is hot and i fuck her
(25:20 / All) fineX: but rly shes p.ugly
(25:41 / Allies) fineX: self surround pally lol
(28:24 / Allies) fineX: hey i have to make dinner for my lil sis soon
(28:28 / Allies) ERz: fag
(28:36 / Allies) fineX: wow dude its my lil sis...
(29:28 / Allies) ERz: try to d it
(29:35 / Allies) nonent: k
(29:50 / All) fineX: FUCKER
(30:43 / All) ERz: WOW HACK MOAR
(31:16 / Allies) nonent: long walk
(31:26 / Allies) fineX: they need exercize
(31:59 / Allies) fineX: n0ice
(32:23 / All) ERz: WOW HACK
(32:26 / All) HEROOFXANADUS: lmao
(32:34 / All) fineX: hack more u gay nigger
(33:02 / Allies) ERz: we need morts
(33:14 / Allies) fineX: im broke
(33:34 / Allies) fineX: i can make 2 i guess
(33:35 / Allies) nonent: i hate losing to noobs
(35:36 / All) nonent: WOW HACK
(35:46 / Allies) nonent: i like sayin that
(35:48 / All) Fre5HSwaG: Called a TP noob rofl
(35:55 / All) nonent: WOW
(35:58 / All) nonent: U HACK SO MUCH
(36:01 / Allies) fineX: hahaha he thinks i used a scrll of tp
(36:18 / Allies) fineX: i got no tp CUZ I LIVE IN FUCKIN UKRAIN
(36:54 / Allies) fineX: aah the ud there
(36:57 / Allies) nonent: who wants gold when i get it
(37:04 / Allies) ERz: finexd for morts
(37:05 / Allies) fineX: dont give to me
(37:07 / Allies) fineX: i waste it
(37:08 / Allies) ERz: incase they miore tanks
(37:11 / Allies) fineX: um ok
(37:20 / Allies) ERz: give me 30 gold
(37:34 / Allies) nonent: shiiit
(37:39 / Allies) fineX: who got zep
(37:40 / Allies) nonent: gonna bat zep
(37:44 / Allies) ERz: just got one
(37:44 / Allies) fineX: we fight this day
(37:50 / Allies) fineX: ok bat it
(37:51 / Allies) fineX: lol
(37:53 / Allies) fineX: wait till it over water
(38:12 / Allies) fineX: gogogog
(38:18 / All) fineX: OWNED FAGGET NOOB
(38:26 / Allies) nonent: lol utl
(38:52 / Allies) nonent: gimme wood finex
(39:02 / Allies) nonent: thx
(39:07 / All) ERz: very nice hacks
(39:07 / Allies) fineX: i need some lol
(39:10 / Allies) fineX: for mortar
(39:10 / Allies) ERz: need gold for hero
(39:16 / All) inSide-OuT: right back at cha
(39:33 / All) ERz: your noobie
(39:34 / All) nonent: lol
(39:42 / All) nonent: good surr
(40:07 / Allies) fineX: ummi gotta brb
(40:13 / Allies) ERz: bet i get jacked!!
(40:20 / Allies) ERz: need gold fo rhero plz
(40:20 / Allies) fineX: so ya berb
(40:27 / Allies) fineX: morts here
(40:29 / Allies) fineX: my heroes here also
(40:32 / Allies) fineX: dont lose em!
(40:34 / Allies) fineX: and im in low
(40:34 / All) HEROOFXANADUS: how many bats u god?
(40:36 / Allies) fineX: so dont give me gold
(40:42 / All) ERz: too many
(40:46 / Allies) ERz: gold plz
(41:04 / Allies) ERz: gold plz!!
(41:52 / Allies) ERz: plz ogld!!!
(41:53 / Allies) ERz: gpld
(41:53 / Allies) ERz: gold
(41:54 / Allies) ERz: golddd
(42:06 / Allies) ERz: thx
(43:25 / Allies) nonent: hm fuck
(43:37 / Allies) nonent: bats gonna be slow
(44:34 / Allies) nonent: gj
(45:43 / Allies) ERz: finex hack?
(45:44 / Allies) ERz: back?
(45:49 / Allies) nonent: i doubt it
(48:04 / Allies) ERz: they still up?
(48:09 / Allies) nonent: hm
(48:16 / Allies) nonent: that one is
(48:21 / Allies) nonent: east side no
(48:29 / Allies) ERz: gold
(48:32 / Allies) nonent: gonna storm this guy
(48:55 / Allies) nonent: will i survive this
(48:56 / Allies) ERz: gold
(49:02 / Allies) ERz: motherfucking shit
(49:07 / Allies) ERz: im playing rewall ybadd
(49:14 / Allies) ERz: fuck that
(49:16 / Allies) ERz: pointless
(49:28 / Allies) ERz: more gold
(49:29 / Allies) ERz: all gold
(50:13 / Allies) ERz: we're fucked
(50:15 / Allies) ERz: i fucked up
(50:21 / Allies) fineX: YA U DID
(50:21 / Allies) nonent: what do you mean
(50:28 / Allies) ERz: lum fast
(50:29 / Allies) ERz: v fast
(50:30 / Allies) ERz: and moar gold
(50:37 / Allies) ERz: FUCK
(51:06 / Allies) ERz: u control urs
(51:11 / Allies) fineX: i laggin bad
(51:15 / Allies) ERz: ur gay
(51:22 / Allies) ERz: we need wyrms ded sighs
(51:22 / Allies) fineX: we lose lol
(52:07 / Allies) ERz: here safest
(52:09 / Allies) nonent: ya
(52:26 / Allies) fineX: i brb agaij
(52:35 / Allies) nonent: u r a fuckken niggur
(53:29 / Allies) nonent: yellow has no gold
(54:09 / Allies) nonent: gonnas torm
(55:57 / Allies) ERz: guessin finex cant revive
(56:13 / Allies) nonent: thx
(56:14 / Allies) ERz: just mass bats for air
(56:33 / Allies) ERz: nice
(56:47 / Allies) ERz: rly miss scans
(58:33 / All) nonent: stay
(58:36 / All) ERz: gg noobs :-)
(58:36 / All) nonent: don't leave
(58:43 / All) nonent: lol jk leave bitches
(60:02 / Allies) nonent: sec
(60:04 / Allies) nonent: gonna scan
(60:08 / Allies) ERz: i got it
(60:40 / All) ERz: noob GG LEAVE PLZ
(60:45 / All) nonent: FINEX
(60:50 / All) nonent: SO FINE
(60:53 / Allies) nonent: u got wood finex